 Dungeon Crawl Stone Soup version 0.22.1-1-ga44c0e5 (webtiles) character file.

385 Fang the Chopper (level 6, -5/58 HPs)
             Began as a Gargoyle Berserker on Oct 24, 2018.
             Was a Priest of Trog.
             Killed by nerve-wracking pain
             ... invoked by Grinder
              (7 damage)
             ... on level 3 of the Dungeon.
             The game lasted 00:01:55 (1806 turns).

Fang the Chopper (Gargoyle Berserker)               Turns: 1806, Time: 00:01:56

Health: -5/58      AC:  6    Str: 28    XL:     6   Next: 77%
Magic:  6/6        EV: 12    Int:  7    God:    Trog [***...]
Gold:   90         SH:  0    Dex:  9    Spells: 5/5 levels left

rFire    . . .     SeeInvis +   o - -2 hand axe (curse)
rCold    . . .     Gourm    .   (no shield)
rNeg     + . .     Faith    .   b - +0 animal skin
rPois    ∞         Spirit   .   (no helmet)
rElec    +         Reflect  .   (no cloak)
rCorr    .         Harm     .   (no gloves)
MR       .....                  (no boots)
Stlth    ..........             (no amulet)
HPRegen  0.19/turn              p - ring of see invisible
MPRegen  0.10/turn              (no ring)

@: berserking (expiring), very quick
A: negative energy resistance 1, electricity resistance, unbreathing,
petrification resistance, rot immunity, AC +4
a: Berserk, Trog's Hand, Renounce Religion


You were on level 3 of the Dungeon.
You worshipped Trog.
Trog was most pleased with you.
You were near starving.

You visited 1 branch of the dungeon, and saw 3 of its levels.

You collected 90 gold pieces.

Inventory:

Hand Weapons
 a - a +0 hand axe
 o - a cursed -2 hand axe (weapon)
Armour
 b - a +0 animal skin (worn)
Jewellery
 p - a ring of see invisible (left hand)
Scrolls
 d - 2 scrolls of remove curse {unknown}
 h - a scroll of amnesia {unknown}
 i - a scroll of immolation {unknown}
 j - 3 scrolls of identify {unknown}
 k - a scroll of enchant armour {unknown}
 m - a scroll of teleportation {unknown}
 q - a scroll of fear {unknown}
Potions
 e - 2 potions of curing {unknown}
 f - 2 potions of brilliance {unknown}
 g - 3 potions of lignification {unknown}
 l - a potion of magic {unknown}
 n - a potion of degeneration {unknown}
Comestibles
 c - 3 rations


   Skills:
 + Level 4.5 Fighting
 + Level 5.0 Axes
 + Level 2.4 Armour
 + Level 3.0 Dodging
 + Level 1.7 Stealth


You had 5 spell levels left.
You didn't know any spells.
Your spell library was empty.

Dungeon Overview and Level Annotations

Branches:
Dungeon (3/15)

Altars:
Nemelex Xobeh

Annotations:
D:3 Grinder


Innate Abilities, Weirdness & Mutations

You are resistant to torment.
Your stone body is resilient. (AC +4)
You are immune to poison.
You resist negative energy. (rN+)
You are resistant to electric shocks. (rElec)
You can survive without breathing.
You are immune to petrification.
You are immune to rotting.


Message History

Grinder hits you but does no damage.
You are near starving!
Grinder hits you.
* * * LOW HITPOINT WARNING * * *
You writhe in agony.
* * * LOW HITPOINT WARNING * * *
Grinder hits you.
* * * LOW HITPOINT WARNING * * *
You writhe in agony.
* * * LOW HITPOINT WARNING * * *
You can move again.
You hit Grinder.
Grinder is lightly wounded.
Grinder barely misses you.
Unknown command.
You slash Grinder!
Grinder is heavily wounded.
Grinder gestures at you. Pain shoots through your body!
You die...

... ... #.# #%#
#.# #+##### #.#
<......
#.###...>...
#...'.......
.###.##@.##.......
.....).5).........
####...........###
...........#[....
..<#######.#.#####
.. .#.. # .### .#


You could see Grinder.

Vanquished Creatures
  Sigmund (D:2)
  A black bear (D:2)
  4 gnolls (D:2)
  2 adders (D:2)
  An ooze (D:2)
  A worm (D:2)
  3 dart slugs (D:2)
  2 leopard geckos (D:1)
  A ball python (D:1)
  2 giant cockroaches
  6 goblins
  5 hobgoblins
  11 jackals
  A quokka (D:2)
  8 bats
  4 frilled lizards (D:2)
  4 kobolds
  7 rats
64 creatures vanquished.

Notes
Turn   | Place    | Note
-------+----------+-------------------------------------------
     0 | D:1      | Fang the Gargoyle Berserker began the quest for the Orb.
     0 | D:1      | Reached XP level 1. HP: 14/14 MP: 1/1
    31 | D:1      | Reached XP level 2. HP: 14/19 MP: 2/2
   159 | D:1      | Reached skill level 3 in Axes
   424 | D:1      | Reached XP level 3. HP: 24/24 MP: 3/3
   464 | D:1      | Found a sparkling altar of Nemelex Xobeh.
   533 | D:1      | Reached ** piety under Trog
  1026 | D:2      | Reached XP level 4. HP: 23/29 MP: 4/4
  1053 | D:2      | Noticed Sigmund
  1058 | D:2      | Killed Sigmund
  1058 | D:2      | Reached skill level 4 in Axes
  1058 | D:2      | Reached skill level 1 in Stealth
  1058 | D:2      | Reached XP level 5. HP: 32/33 MP: 5/5
  1062 | D:2      | Reached XP level 6. HP: 37/38 MP: 6/6
  1283 | D:2      | Noticed a black bear
  1292 | D:2      | Killed a black bear
  1439 | D:2      | Reached skill level 5 in Axes
  1776 | D:3      | Noticed Grinder
  1784 | D:3      | Reached *** piety under Trog
  1793 | D:3      | Paralysed by Grinder for 4 turns
  1801 | D:3      | Paralysed by Grinder for 4 turns
  1804 | D:3      | HP: 2/58 [Grinder (3)]
  1806 | D:3      | Killed from afar by Grinder

Skill      XL: |  1  2  3  4  5  6 |
---------------+-------------------+-----
Axes           | 3 4 5 |  5.0
Dodging        | 2 3 |  3.0
Fighting       | 4 |  4.5
Stealth        | 1 |  1.7
Armour         | |  2.4

Action                   |  1- 3 |  4- 6 || total
-------------------------+-------+-------++-------
Melee: Hand axe          |   139 |    95 ||   234
Invok: Berserk           |       |     4 ||     4
 Stab: Sleeping          |       |     1 ||     1
  Eat: Chunk             |       |     5 ||     5
Armor: Animal skin       |    52 |    33 ||    85
Dodge: Dodged            |   113 |    51 ||   164
